AoeStats
← guglu

Arena

508105984Analyzed
1v1 RM · 13d ago on Sep 20, 2026· 55m 26s· 2 players
Game mode
Random Map
Map size
Tiny (2 player)
Population
200
Speed
Normal
Resources
Standard
Victory
Conquest
Starting age
Dark Age
Ending age
Imperial Age
RankedLock teamsTeams togetherTeam positionsShared explorationLock speedFull tech treeHidden civsTurbo modeCheats
Victory
Defeat
🇧🇷 Muisca · Brazil
1149
+16
🇵🇰 Turks · Pakistan
1159
-16
Child of Light
10:27 Feudal Age
12:13 Wheelbarrow
16:43 Castle Age
15:01 Double-Bit Axe
15:09 Gold Mining
15:52 Horse Collar
18:01 Bow Saw
19:50 Heavy Plow
19:41 Champi Runner
20:45 Squires
20:52 Champi Warrior
21:56 Scale Mail Armor
22:45 Forging
24:54 Fletching
25:05 Padded Archer Armor
25:52 Gold Shaft Mining
24:54 Elite Skirmisher
25:48 Loom
26:20 Bodkin Arrow
26:51 Leather Archer Armor
30:58 Chain Mail Armor
37:40 Imperial Age
35:48 Stone Mining
37:25 Masonry
37:50 Ballistics
38:31 Bracer
40:34 Hand Cart
40:18 Capped Ram
42:28 Crossbowman
44:00 Thumb Ring
44:20 Conscription
43:59 Pikeman
47:25 Stone Shaft Mining
48:56 Two-Man Saw
47:23 Arbalester
51:20 Plate Mail Armor
51:25 Iron Casting
52:47 Crop Rotation
52:23 Herbalism
53:39 Elite Champi Warrior
guglu
13:01 Feudal Age
14:16 Double-Bit Axe
16:44 Castle Age
14:53 Horse Collar
18:24 Loom
21:46 Imperial Age
20:42 Gold Mining
21:36 Bow Saw
29:37 Padded Archer Armor
33:42 Leather Archer Armor
36:47 Scale Barding Armor
41:18 Bloodlines
43:16 Husbandry
43:40 Chain Barding Armor
47:51 Stone Mining
48:41 Wheelbarrow
47:58 Town Watch
49:56 Fletching
52:27 Plate Barding Armor
52:03 Forging
51:48 Bodkin Arrow
53:14 Cavalier
55:10 Iron Casting
Connection lost

Rejoining the realm…

Still unreachable

The connection could not be restored.

Session expired

The server has moved on; the page needs a fresh start.